 Dungeon Crawl Stone Soup version 0.28.0-45-g0d030f2227 (webtiles) character file.

Game seed: 16576377529110869872

142 chopper the Covert (level 5, -10/43 HPs)
             Began as a Gnoll Wanderer on Apr 17, 2022.
             Mangled by an ogre
             ... wielding a +0 giant club
              (12 damage)
             ... on level 3 of the Dungeon.
             The game lasted 00:16:53 (3487 turns).

chopper the Covert (Gnoll Wanderer)                 Turns: 3487, Time: 00:16:54

Health: -10/43     AC:  4    Str: 10    XL:     5   Next: 24%
Magic:  7/7        EV: 12    Int:  9    God:
Gold:   183        SH:  0    Dex: 23    Spells: 6/6 levels left

rFire   . . .      SeeInvis .   a - +3 dagger
rCold   . . .      Faith    .   (no shield)
rNeg    . . .      Spirit   .   k - +0 leather armour
rPois   .          Reflect  .   (no helmet)
rElec   .          Harm     .   (no cloak)
rCorr   .          Rampage  .   (no gloves)
Will    .....                   v - +0 pair of boots
Stlth   +++++.....              (no amulet)
HPRegen 0.14/turn               q - +6 ring of dexterity
MPRegen 0.10/turn               (no ring)

@: no status effects
A: fangs 1, strong nose, distributed training
a: no special abilities


You were on level 3 of the Dungeon.
You visited 1 branch of the dungeon, and saw 3 of its levels.

You collected 183 gold pieces.

Inventory:

Hand Weapons
 a - a +3 dagger (weapon)
 c - a +0 quarterstaff
 m - a +0 war axe
Missiles
 g - 50 bolts
 n - 38 sling bullets
 u - 20 arrows
Armour
 d - a +0 robe
 k - a +0 leather armour (worn)
 v - a +0 pair of boots (worn)
Jewellery
 q - a +6 ring of dexterity (left hand)
Wands
 l - a wand of iceblast (8)
Scrolls
 j - a scroll of noise
 p - a scroll of fog {unknown}
Potions
 b - a potion of haste
 e - 2 potions of ambrosia
 h - 2 potions of flight
 i - a potion of invisibility
 o - a potion of might
 r - a potion of curing {unknown}
 s - a potion of degeneration {unknown}
 t - a potion of brilliance {unknown}


   Skills:
 + Level 4.7 Fighting
 + Level 1.4 Short Blades
 + Level 1.4 Long Blades
 + Level 1.4 Axes
 + Level 1.4 Maces & Flails
 + Level 1.4 Polearms
 + Level 4.7 Staves
 + Level 1.4 Slings
 + Level 1.4 Bows
 + Level 1.4 Crossbows
 + Level 2.9 Throwing
 + Level 1.4 Armour
 + Level 1.4 Dodging
 + Level 9.7 Stealth
 + Level 1.4 Shields
 + Level 1.4 Unarmed Combat
 + Level 1.4 Spellcasting
 + Level 1.1 Conjurations
 + Level 1.1 Hexes
 + Level 1.1 Summonings
 + Level 1.1 Necromancy
 + Level 1.1 Translocations
 + Level 1.1 Transmutations
 + Level 1.1 Fire Magic
 + Level 1.1 Ice Magic
 + Level 1.1 Air Magic
 + Level 1.1 Earth Magic
 + Level 1.1 Poison Magic
 + Level 1.6 Invocations
 + Level 1.4 Evocations


You had 6 spell levels left.
You didn't know any spells.
Your spell library was empty.

Dungeon Overview and Level Annotations

Branches:
Dungeon (3/15)

Altars:


Innate Abilities, Weirdness & Mutations

You have very sharp teeth.
Your uncanny sense of smell can sniff out nearby items.
Your experience applies equally to all skills.


Message History

You hit the goblin.
You kill the goblin!
You see here a +0 dagger.
The ogre shouts!
You see here a +0 dagger.
The ogre hits you with a +0 giant club!!
Ouch! That really hurt!
You hit the ogre.
The ogre is lightly wounded.
The ogre closely misses you.
You hit the ogre.
The ogre is lightly wounded.
The ogre misses you.
You hit the ogre.
The ogre is moderately wounded.
You hit the ogre but do no damage.
The ogre is moderately wounded.
The ogre closely misses you.
You hit the ogre.
The ogre is moderately wounded.
The ogre barely misses you.
You hit the ogre.
The ogre is heavily wounded.
You hit the ogre. You bite the ogre.
The ogre is severely wounded.
The ogre hits you with a +0 giant club!
* * * LOW HITPOINT WARNING * * *
You barely miss the ogre.
The ogre is severely wounded.
The ogre barely misses you.
You hit the ogre.
The ogre is severely wounded.
The ogre hits you with a +0 giant club.
* * * LOW HITPOINT WARNING * * *
You hit the ogre but do no damage.
The ogre is severely wounded.
You hit the ogre but do no damage.
The ogre is severely wounded.
The ogre hits you with a +0 giant club!
You die...

####....# #.......
#....## #.......
###.....# #.......
#.......########.#.
#............. #.#.
#...........## #.#.
#...........# #.#.
#######.......#
#.#.
#...@O).......#
#.#.
#.#####.......#
#.## #.# #...)...#
#.## #<#
#.......####... ###
######.......##
#.......##
##.####### #.# #
#.#######


You could see an ogre.

Vanquished Creatures
  A howler monkey (D:3)
  A gnoll (D:1)
  3 adders
  A dart slug (D:3)
  2 orcs
  4 ball pythons
  3 bats
  3 endoplasms
  2 giant cockroaches (D:1)
  10 goblins
  6 hobgoblins
  10 jackals
  2 quokkas
  3 frilled lizards (D:1)
  3 kobolds
  2 rats (D:1)
56 creatures vanquished.

Notes
Turn   | Place    | Note
-------+----------+-------------------------------------------
     0 | D:1      | Reached skill level 9 in Stealth
     0 | D:1      | chopper the Gnoll Wanderer began the quest for the Orb.
     0 | D:1      | chopper set off with the following items: a +3 dagger, a
                  | potion of haste, a +0 quarterstaff, a +0 robe
     0 | D:1      | Reached XP level 1. HP: 20/20 MP: 1/1
   141 | D:1      | Reached XP level 2. HP: 23/26 MP: 2/2
   871 | D:1      | Reached XP level 3. HP: 11/31 MP: 2/4
  1310 | D:1      | Found a faded altar of an unknown god.
  1461 | D:2      | Reached skill level 1 in Invocations
  1641 | D:2      | Reached skill level 1 in Short Blades
  1641 | D:2      | Reached skill level 1 in Long Blades
  1641 | D:2      | Reached skill level 1 in Axes
  1641 | D:2      | Reached skill level 1 in Maces & Flails
  1641 | D:2      | Reached skill level 1 in Polearms
  1641 | D:2      | Reached skill level 1 in Slings
  1641 | D:2      | Reached skill level 1 in Bows
  1641 | D:2      | Reached skill level 1 in Crossbows
  1641 | D:2      | Reached skill level 1 in Armour
  1641 | D:2      | Reached skill level 1 in Dodging
  1641 | D:2      | Reached skill level 1 in Shields
  1641 | D:2      | Reached skill level 1 in Unarmed Combat
  1641 | D:2      | Reached skill level 1 in Spellcasting
  1641 | D:2      | Reached skill level 1 in Evocations
  2122 | D:2      | Reached XP level 4. HP: 38/38 MP: 5/5
  2842 | D:3      | Reached skill level 1 in Conjurations
  2842 | D:3      | Reached skill level 1 in Hexes
  2842 | D:3      | Reached skill level 1 in Summonings
  2842 | D:3      | Reached skill level 1 in Necromancy
  2842 | D:3      | Reached skill level 1 in Translocations
  2842 | D:3      | Reached skill level 1 in Transmutations
  2842 | D:3      | Reached skill level 1 in Fire Magic
  2842 | D:3      | Reached skill level 1 in Ice Magic
  2842 | D:3      | Reached skill level 1 in Air Magic
  2842 | D:3      | Reached skill level 1 in Earth Magic
  2842 | D:3      | Reached skill level 1 in Poison Magic
  2842 | D:3      | Reached XP level 5. HP: 43/43 MP: 5/7
  3085 | D:3      | Noticed an ogre
  3485 | D:3      | HP: 2/43 [ogre/+0 giant club (2)]
  3487 | D:3      | Mangled by an ogre

Illustrated notes

Levels and vault maps discovered:
D:1:      lemuel_arrival_rhombus, layout_basic,
          dreamdust_ecumenical_altar_angels_and_demons, hex_large
D:2:      layout_basic, minmay_tetromino_s2
D:3:      layout_basic, minmay_ogre_servants

Skill      XL: |  1  2  3  4 |
---------------+-------------+-----
Stealth        | |  9.7
Invocations    | 1 |  1.6
Short Blades   | 1 |  1.4
Long Blades    | 1 |  1.4
Axes           | 1 |  1.4
Maces & Flails | 1 |  1.4
Polearms       | 1 |  1.4
Slings         | 1 |  1.4
Bows           | 1 |  1.4
Crossbows      | 1 |  1.4
Armour         | 1 |  1.4
Dodging        | 1 |  1.4
Shields        | 1 |  1.4
Unarmed Combat | 1 |  1.4
Spellcasting   | 1 |  1.4
Evocations     | 1 |  1.4
Conjurations   | 1 |  1.1
Hexes          | 1 |  1.1
Summonings     | 1 |  1.1
Necromancy     | 1 |  1.1
Translocations | 1 |  1.1
Transmutations | 1 |  1.1
Fire Magic     | 1 |  1.1
Ice Magic      | 1 |  1.1
Air Magic      | 1 |  1.1
Earth Magic    | 1 |  1.1
Poison Magic   | 1 |  1.1
Fighting       | |  4.7
Staves         | |  4.7
Throwing       | |  2.9

Action                   |  1- 3 |  4- 6 || total
-------------------------+-------+-------++-------
Melee: Dagger            |    89 |    74 ||   163
       Bite              |    10 |     8 ||    18
       Punch             |     1 |     1 ||     2
  Use: Scroll            |       |     7 ||     7
 Stab: Sleeping          |    11 |     7 ||    18
Armor: Robe              |    12 |       ||    12
       Leather armour    |    11 |    24 ||    35
Dodge: Dodged            |    56 |    59 ||   115
